 Dungeon Crawl Stone Soup version 0.27-a0-1191-g601b473118 (webtiles) character file.

Game seed: 15285856035776745279

24 Sobieck the Skirmisher (level 3, -3/39 HPs)
             Began as an Ogre Hunter on May 24, 2021.
             Slain by an ogre
             ... wielding a +0 giant club
              (18 damage)
             ... on level 4 of the Dungeon.
             The game lasted 00:01:54 (815 turns).

Sobieck the Skirmisher (Ogre Hunter)                 Turns: 815, Time: 00:01:55

Health: -3/39      AC:  5    Str: 17    XL:     3   Next: 2%
Magic:  3/3        EV:  9    Int: 12    God:
Gold:   39         SH:  0    Dex:  9    Spells: 2/2 levels left

rFire    . . .     SeeInvis .   i - +0 flail {mace}
rCold    . . .     Faith    .   (no shield)
rNeg     . . .     Spirit   .   b - +0 robe
rPois    .         Reflect  .   (helmet restricted)
rElec    .         Harm     .   g - +1 cloak
rCorr    .         Rampage  .   (gloves unavailable)
Will     .....                  (boots unavailable)
Stlth    +.........             (no amulet)
HPRegen  0.13/turn              (no ring)
MPRegen  0.08/turn              (no ring)

@: no status effects
A: large, unfitting armour, tough skin 1
a: no special abilities


You were on level 4 of the Dungeon.
You visited 1 branch of the dungeon, and saw 4 of its levels.

You collected 39 gold pieces.


Innate Abilities, Weirdness & Mutations

You are too large for most types of armour.
You have tough skin. (AC +1)


   Skills:
 + Level 4.2 Fighting
 + Level 0.7 Maces & Flails
 - Level 4.0 Throwing
 - Level 1.7 Dodging
 - Level 0.6 Stealth


You had 2 spell levels left.
You didn't know any spells.
Your spell library was empty.

Inventory:

Hand Weapons
 f - a +0 club {mace}
   (You found it on level 1 of the Dungeon)
 h - a +0 short sword {short}
 i - a +0 flail (weapon) {mace}
   (You took it off an orc on level 2 of the Dungeon)
 G - a +0 whip {mace}
   (You took it off an orc on level 2 of the Dungeon)
Missiles
 a - 13 stones {throwing}
 c - 5 large rocks (quivered) {=fthrowing}
 d - 2 throwing nets {=f!fthrowing}
Armour
 b - a +0 robe (worn)
 g - a +1 cloak (worn)
   (You found it on level 2 of the Dungeon)

Dungeon Overview and Level Annotations

Branches:
Dungeon (4/15)
 Temple: D:4-7

Altars:

Shops:
D:4

* *,* ##..##
**,,,,,** *,* #..#
*,..**,,** *,* #..#
*###,.#***,,** *,**
#..# *..*..# ***,**
*,,* #..# *8....#
**,* *,,* #..#
*.#...# *,* *,**
#..## *<....# *,,
**,* #...###.....#
*,* *,**
##..@Og∩....#* **,*
*,* ######.##...#*
*,,* *,*
*8..,,,.****,,* *,*
*..##,,,,,**,,* *,**
*###**,,,,***,,
**,*********** ***,,*
**,
**,,,**,,,,,*********
*,,* **
**,,,,,,,,,,,,,,,,,**
**,* *
**,,,,****,,,,,,,,,*
*,*


You could see an ogre and a goblin.


Message History

😕 HP[-2]
You take 2 damage, and now have 30/32 hp.
You hit the endoplasm.
You kill the endoplasm! 😕 HP[+1] No target in view!
No target in view!
(D) Dungeon
Where to? (Enter - D:3, ? - help)
There is a stone staircase leading down here.
You climb downwards.
There is a stone staircase leading up here.
A frilled lizard comes into view. 😎 HP[+1]
Your hp is fully restored (32).
You barely miss the frilled lizard. The frilled lizard bites you. 😕 HP[-1]
You take 1 damage, and now have 31/32 hp.
You miss the frilled lizard.
The frilled lizard bites you but does no damage.
The frilled lizard barely misses you.
You hit the frilled lizard.
You kill the frilled lizard!
No target in view!
You now have 39 gold pieces (gained 13).
A bat comes into view. 😎 HP[+1]
Your hp is fully restored (32).
A bat is nearby!
A dart slug comes into view.
The bat completely misses you.
You miss the bat. The bat closely misses you. The bat barely misses you.
The bat closely misses you.
You barely miss the bat. The bat hits you but does no damage.
The bat closely misses you.
You hit the bat. The bat hits you but does no damage. x2
You miss the bat. The bat hits you.
The bat hits you but does no damage. 😕 HP[-1]
You take 1 damage, and now have 31/32 hp.
You thump the bat!
You kill the bat!
You hit the dart slug.
The dart slug bites you but does no damage.
You hit the dart slug. The dart slug bites you. 😕 HP[-3]
You take 3 damage, and now have 28/32 hp.
You hit the dart slug. The dart slug launches a dart at you.
The slug dart hits you but does no damage.
You sock the dart slug!
You kill the dart slug!
You have reached level 3!
Your experience leads to an increase in your attributes!
Increase (S)trength, (I)ntelligence, or (D)exterity?
You feel stronger. x2 😕 HP[+7] MP[+1]
You now have 39 max hp (+7).
You regained 7 hp, and now have 35/39 hp.
Your mp is fully restored (3).
You see here a bat corpse.
a - 13 stones {throwing}
Found a stone staircase leading down. 😎 HP[+4]
Your hp is fully restored (39).
(D) Dungeon
Where to? (Enter - D:3, ? - help)
There is a stone staircase leading down here.
You climb downwards.
You hear the hiss of flowing sand.
There is an entrance to an ossuary on this level.
Hurry and find it before the portal is buried!
There is a stone staircase leading up here.
You climb upwards.
There is a stone staircase leading down here.
You climb downwards.
You hear the hiss of flowing sand.
There is an entrance to an ossuary on this level.
Hurry and find it before the portal is buried!
There is a stone staircase leading up here.
As you read the scroll labelled JANUNU KOUZACH, it crumbles to dust.
You feel aware of your surroundings.
You sensed 4 altars, and 2 shops/portals.
It was a scroll of magic mapping.
An ogre comes into view. It is wielding a +0 giant club.
Found Pycuykuapt's Assorted Antiques.
A goblin comes into view. It is wielding a +0 club.
The goblin shouts!
Found an escape hatch in the ceiling.
You barely miss the ogre. The ogre closely misses you.
You closely miss the ogre. The ogre barely misses you.
You sock the ogre!
The ogre hits you with a +0 giant club! 😮 HP[-10]
You take 10 damage, and now have 29/39 hp.
MASSIVE DAMAGE!! (PAUSE)
You hit the ogre. The ogre hits you with a +0 giant club!
* * * LOW HITPOINT WARNING * * *
😨 HP[-14]
You take 14 damage, and now have 15/39 hp.
MASSIVE DAMAGE!! (PAUSE)
You barely miss the ogre.
The ogre hits you with a +0 giant club!!
You die...

Skill      XL: |  1  2 |
---------------+-------+-----
Fighting       | 3 4 |  4.2
Maces & Flails | |  0.7
Throwing       | |  4.0
Dodging        | |  1.7
Stealth        | |  0.6

Action                   || total
-------------------------++-------
Melee: Short sword       ||    13
       Club              ||    23
       Flail             ||    22
       Whip              ||    12
  Use: Scroll            ||     1
Armor: Robe              ||    36
Dodge: Dodged            ||    35

Levels and vault maps discovered:
D:1:      amcnicky_arrival_double_pillar, layout_rooms, serial_aquarium,
          aquarium_bridge_square [aquarium_subvault_bridge,
          aquarium_subvault_bridge, aquarium_subvault_wall,
          aquarium_subvault_wall], aquarium_window_corner, aquarium_window_2,
          aquarium_window_1, aquarium_window_3, aquarium_view_2a
D:2:      layout_loops_ring, shapermc_ecumenical_altar_notcrosses, uniq_robin
D:3:      kb_forest_paths, layout_rooms
D:4:      layout_layer_cave, nicolae_overflow_hidden_temple, serial_shops,
          shop_statue, enter_ossuary_2

Notes
Turn   | Place    | Note
-------+----------+-------------------------------------------
     0 | D:1      | Sobieck the Ogre Hunter began the quest for the Orb.
     0 | D:1      | Reached XP level 1. HP: 22/22 MP: 1/1
     0 | D:1      | magus.rc [v1.9.6]
    16 | D:1      | Reached skill level 3 in Fighting
   191 | D:2      | Reached XP level 2. HP: 30/31 MP: 2/2
   296 | D:2      | HP: 7/32 [orc/+0 club (3)]
   298 | D:2      | Reached skill level 4 in Fighting
   736 | D:3      | Reached XP level 3. HP: 35/39 MP: 3/3
   804 | D:4      | Found Pycuykuapt's Assorted Antiques.
   804 | D:4      | Noticed an ogre
   815 | D:4      | Slain by an ogre

Vanquished Creatures
  A dart slug (D:3)
  4 orcs
  An endoplasm (D:2)
  A giant cockroach (D:1)
  A goblin (D:1)
  A hobgoblin (D:1)
  2 ball pythons (D:2)
  3 bats
  2 frilled lizards
  2 rats
18 creatures vanquished.

Table legend:
 A = Non-vault XP
 B = Vault XP
 C = Vault XP percentage of total XP
 D = Non-vault monster count
 E = Vault monster count
 F = Vault count percentage of total count
                 A         B        C        D         E       F
            +---------+---------+-------+---------+---------+-------
      Total |      35 |       0 |   0.0 |      18 |       0 |   0.0
            +---------+---------+-------+---------+---------+-------
        D:1 |       9 |       0 |   0.0 |       6 |       0 |   0.0
        D:2 |      16 |       0 |   0.0 |       8 |       0 |   0.0
        D:3 |      10 |       0 |   0.0 |       4 |       0 |   0.0
            +---------+---------+-------+---------+---------+-------

Illustrated notes

Table legend:
 A = Kills in this place as a percentage of kills in entire the game.
 B = Kills by you in this place as a percentage of kills by you in the entire game.
 C = Kills by friends in this place as a percentage of kills by friends in the entire game.
 D = Other kills in this place as a percentage of other kills in the entire game.
 E = Experience gained in this place as a percentage of experience gained in the entire game.
 F = Experience gained in this place divided by the number of levels of this place that you have seen.
                   A       B       C       D       E      F
               +-------+-------+-------+-------+-------+----------------------
         Total | 100.0 | 100.0 |   N/A |   N/A | 100.0 |   8.8
       Dungeon | 100.0 | 100.0 |   N/A |   N/A | 100.0 |   8.8
               +-------+-------+-------+-------+-------+----------------------

Table legend: (Time is in decaauts)
 A = Elapsed time spent in this place.
 B = Non-inter-level travel time spent in this place.
 C = Inter-level travel time spent in this place.
 D = Time resting spent in this place.
 E = Time spent auto-exploring this place.
 F = Levels seen in this place.
 G = Mean time per level.
                   A        B        C        D        E       F      G
               +--------+--------+--------+--------+--------+-----+--------+
         Total |    833 |    794 |     39 |    336 |    263 |   4 |  208.2 |
       Dungeon |    833 |    794 |     39 |    336 |    263 |   4 |  208.2 |
               +--------+--------+--------+--------+--------+-----+--------+

Top non-repeatable levels by time:
     D:2: 418 daAuts
     D:3: 203 daAuts
     D:1: 185 daAuts
     D:4: 26 daAuts
